 Dungeon Crawl Stone Soup version 0.22-a0-305-gd21a89c (webtiles) character file.

240 Amnesiac the Conjurer (level 5, -5/35 HPs)
             Began as a Mummy Conjurer on Mar 30, 2018.
             Slain by a worker ant (6 damage)
             ... on level 4 of the Dungeon.
             The game lasted 00:03:14 (2799 turns).

Amnesiac the Conjurer (Mummy Conjurer)              Turns: 2799, Time: 00:03:15

Health: -5/35      AC:  3    Str: 11    XL:     5   Next: 79%
Magic:  0/12       EV: 12    Int: 15    God:
Gold:   182        SH:  0    Dex: 13    Spells: 9/14 levels left

rFire    x . .     SeeInvis .   (no weapon)
rCold    + . .     Gourm    .   (no shield)
rNeg     + + +     Faith    .   a - +0 robe
rPois    ∞         Spirit   .   (no helmet)
rElec    .         Reflect  .   h - +0 cloak
rCorr    .         Harm     .   (no gloves)
MR       .....                  (no boots)
Stlth    ++........             (no amulet)
HPRegen  0.11/turn              (no ring)
MPRegen  0.13/turn              (no ring)

@: no status effects
A: no food or potions, fire vulnerability, cold resistance 1, negative energy
resistance 3, torment resistance, unbreathing
a: no special abilities


You were on level 4 of the Dungeon.
You were not hungry.

You visited 1 branch of the dungeon, and saw 4 of its levels.

You collected 182 gold pieces.

Inventory:

Armour
 a - a +0 robe (worn)
 h - a +0 cloak (worn)
Wands
 b - a wand of iceblast (10)
Scrolls
 c - 2 scrolls of identify {!r, unknown}
 d - 3 scrolls of remove curse {!r, unknown}
 e - 3 scrolls of amnesia {!r, unknown}
 f - a scroll of fog {!r, unknown}
 g - a scroll of teleportation {!r, unknown}
 i - 3 scrolls of magic mapping {!r, unknown}


   Skills:
 - Level 1.5 Dodging
 - Level 1.5 Stealth
 + Level 5.0 Spellcasting
 * Level 5.1 Conjurations


You had 9 spell levels left.
You knew the following spells:

 Your Spells              Type           Power        Failure   Level  Hunger
a - Magic Dart            Conj           ###.         1%          1    N/A
d - Iskenderun's Mystic   Conj           ###.....     21%         4    N/A

Dungeon Overview and Level Annotations

Branches:
Dungeon (4/15)
 Temple: D:4-7

Altars:
Elyvilon
Wu Jian


Innate Abilities, Weirdness & Mutations

You do not eat or drink.
Your flesh is vulnerable to fire.
You are immune to poison.
Your flesh is cold resistant. (rC+)
You are immune to negative energy. (rN+++)
You are immune to unholy pain and torment.
You can survive without breathing.


Message History

Press: ? - help, Shift-Dir - straight line, f/p - worker ant
Aim: a worker ant (heavily wounded)
The magic dart hits the worker ant.
The worker ant is heavily wounded.
The worker ant bites you.
Casting: Magic Dart (safe; 1% risk of failure)
Confirm with . or Enter, or press ? or * to list all spells.
You don't have enough magic to cast that spell.
Casting: Magic Dart (safe; 1% risk of failure)
Confirm with . or Enter, or press ? or * to list all spells.
You don't have enough magic to cast that spell.
Casting: Magic Dart (safe; 1% risk of failure)
Confirm with . or Enter, or press ? or * to list all spells.
You don't have enough magic to cast that spell.
Casting: Magic Dart (safe; 1% risk of failure)
Confirm with . or Enter, or press ? or * to list all spells.
You don't have enough magic to cast that spell.
You hit the worker ant but do no damage.
The worker ant is heavily wounded.
The worker ant bites you. The worker ant closely misses you.
You hit the worker ant but do no damage.
The worker ant is heavily wounded.
The worker ant closely misses you. The worker ant closely misses you.
The worker ant waves its antennae.
The worker ant bites you. The worker ant closely misses you.
There is a shaft here.
Casting: Magic Dart (safe; 1% risk of failure)
Confirm with . or Enter, or press ? or * to list all spells.
Aiming: Magic Dart (safe; 1% risk of failure)
Press: ? - help, Shift-Dir - straight line, f/p - worker ant
Aim: a worker ant (heavily wounded)
The magic dart hits the worker ant.
The worker ant is severely wounded.
The worker ant bites you.
* * * LOW HITPOINT WARNING * * *
You hit the worker ant but do no damage.
The worker ant is severely wounded.
The worker ant barely misses you.
You hit the worker ant but do no damage.
The worker ant is severely wounded.
The worker ant completely misses you.
You hit the worker ant but do no damage.
The worker ant is severely wounded.
The worker ant misses you.
You hit the worker ant but do no damage.
The worker ant is severely wounded.
The worker ant bites you.
* * * LOW HITPOINT WARNING * * *
The worker ant barely misses you.
Casting: Magic Dart (safe; 1% risk of failure)
Confirm with . or Enter, or press ? or * to list all spells.
Aiming: Magic Dart (safe; 1% risk of failure)
Press: ? - help, Shift-Dir - straight line, f/p - worker ant
Aim: a worker ant (severely wounded)
The magic dart hits the worker ant.
The worker ant is severely wounded.
The worker ant bites you.
* * * LOW HITPOINT WARNING * * *
The worker ant bites you!
* * * LOW HITPOINT WARNING * * *
The worker ant bites you.
You die...

#######♣♣ .
#.......
#.##......♣
#........ ♣♣♣♣
#.....####.$.##
#.###.....†.......#
................#
###....a@....?.#
#.######.....# #
........#
###..#.#.# (...# #
....# ....# ....#


You could see a worker ant.

Vanquished Creatures
  A hound (D:4)
  An orc wizard (D:3)
  Terence (D:2)
  4 adders
  3 oozes
  2 worms
  4 dart slugs
  3 leopard geckos
  12 orcs
  5 bats
  4 giant cockroaches
  11 hobgoblins
  9 kobolds
  4 frilled lizards
  10 goblins
  5 rats
79 creatures vanquished.

Notes
Turn   | Place    | Note
-------+----------+-------------------------------------------
     0 | D:1      | Amnesiac the Mummy Conjurer began the quest for the Orb.
     0 | D:1      | Reached XP level 1. HP: 13/13 MP: 4/4
   158 | D:1      | Reached XP level 2. HP: 19/19 MP: 0/6
   494 | D:1      | Reached XP level 3. HP: 24/24 MP: 5/8
   759 | D:2      | Noticed Terence
  1116 | D:2      | Found a white marble altar of Elyvilon.
  1229 | D:2      | Reached XP level 4. HP: 30/30 MP: 2/10
  1235 | D:2      | Learned a level 4 spell: Iskenderun's Mystic Blast
  1341 | D:2      | Killed Terence
  1741 | D:3      | Reached XP level 5. HP: 35/35 MP: 2/11
  2029 | D:3      | Found an ornate altar of the Wu Jian Council.
  2756 | D:4      | Reached skill level 5 in Spellcasting
  2756 | D:4      | Reached skill level 5 in Conjurations
  2798 | D:4      | HP: 1/35 [worker ant (7)]
  2799 | D:4      | Slain by a worker ant

Vault maps used:
D:1:      dpeg_arrival_rooms_c, solitary_fountain, minmay_domino_4
D:2:      lemuel_coloured_pillars_altar, kennysheep_generic_room_9, uniq_terence
D:3:      nicolae_overflow_crystal_walls, first_ration
D:4:      nicolae_overflow_hidden_temple, temple_doors_e, serial_shops, shop,
          serial_forest, infiniplex_forest_end_3, infiniplex_forest_zigzag_1,
          infiniplex_forest_clump_C, infiniplex_forest_lined_3,
          infiniplex_forest_clump_tiny, infiniplex_forest_clump_diagonal,
          infiniplex_forest_straight_3,
          nicolae_dithmenos_through_a_glass_darkly, uniq_robin, uniq_pikel,
          uniq_menkaure

Skill      XL: |  1  2  3  4  5 |
---------------+----------------+-----
Spellcasting   | 3 4 5 |  5.0
Conjurations   | 4 5 |  5.1
Dodging        | |  1.5
Stealth        | |  1.5

Action                   |  1- 3 |  4- 6 || total
-------------------------+-------+-------++-------
Melee: Unarmed           |     4 |     9 ||    13
 Cast: Magic Dart        |    82 |   129 ||   211
       Iskenderun's Myst |       |     2 ||     2
Evoke: Wand              |       |     2 ||     2
Armor: Robe              |       |     5 ||     5
Dodge: Dodged            |     5 |    22 ||    27

Table legend:
 A = Spawn XP
 B = Non-spawn XP
 C = Spawn XP percentage of total XP
 D = Spawn monster count
 E = Non-spawn monster count
 F = Spawn count percentage of total count
 G = Total turns spent on level
                    A         B        C        D         E        F      G
               +---------+---------+-------+---------+---------+-------+---------
         Total |       0 |     343 |   0.0 |       0 |      79 |   0.0 |  2799
               +---------+---------+-------+---------+---------+-------+---------
           D:1 |       0 |      49 |   0.0 |       0 |      20 |   0.0 |   745
           D:2 |       0 |     116 |   0.0 |       0 |      24 |   0.0 |   934
           D:3 |       0 |     135 |   0.0 |       0 |      34 |   0.0 |  1070
           D:4 |       0 |      43 |   0.0 |       0 |       1 |   0.0 |    50
               +---------+---------+-------+---------+---------+-------+---------
